 Dungeon Crawl Stone Soup version 0.28.0 (webtiles) character file.

Game seed: 5112752165509997384

161 inmateoo the Sneak (level 5, -1/22 HPs)
             Began as a Felid Air Elementalist on Feb 14, 2022.
             Slain by Menkaure (5 damage)
             ... on level 4 of the Dungeon.
             The game lasted 00:04:57 (3974 turns).

inmateoo the Sneak (Felid Air Elementalist)         Turns: 3974, Time: 00:04:58

Health: -1/22      AC:  1    Str:  4    XL:     5   Next: 19%
Magic:  3/10       EV: 18    Int: 18    God:
Gold:   99         SH:  5    Dex: 17    Spells: 3/9 levels left
                                        Lives:  0   Deaths: 1

rFire   . . .      SeeInvis +     - Unarmed
rCold   . . .      Faith    .   (shield unavailable)
rNeg    . . .      Spirit   .   (armour unavailable)
rPois   .          Reflect  +   (helmet unavailable)
rElec   .          Harm     .   (cloak unavailable)
rCorr   .          Rampage  .   (gloves unavailable)
Will    .....                   (boots unavailable)
Stlth   +++.......              c - amulet of reflection
HPRegen 0.07/turn               (no ring)
MPRegen 0.12/turn               (no ring)

@: very slightly contaminated, quick
A: very small, claws 1, fangs 3, see invisible, speed 1, shaggy fur 1, stealthy
paws, no weapons or thrown items, no armour, multi-lived
a: no special abilities


You were on level 4 of the Dungeon.
You visited 1 branch of the dungeon, and saw 4 of its levels.

You collected 99 gold pieces.

Inventory:

Jewellery
 c - an amulet of reflection (around neck)
Wands
 h - a wand of polymorph (6)
Scrolls
 a - 2 scrolls of teleportation {unknown}
 d - a scroll of noise {unknown}
 g - a scroll of magic mapping {unknown}
Potions
 b - a potion of haste
 e - a potion of curing {unknown}
 f - a potion of attraction {unknown}


   Skills:
 + Level 1.8 Fighting
 + Level 3.9 Dodging
 + Level 4.1 Stealth
 + Level 2.0 Unarmed Combat
 + Level 2.7 Spellcasting
 + Level 2.1 Conjurations
 + Level 3.3 Air Magic


You had 3 spell levels left.
You knew the following spells:

 Your Spells              Type           Power      Damage    Failure   Level
a - Shock                 Conj/Air       48%        1d6       5%          1
b - Static Discharge      Conj/Air       12%        N/A       9%          2
c - Swiftness             Air            14%        N/A       13%         3

Your spell library contained the following spells:

 Spells                   Type           Power      Damage    Failure   Level
 Ozocubu's Armour         Ice            2%         N/A       45%         3
 Airstrike                Air            7%         N/A       38%         4
 Metabolic Englaciation   Hex/Ice        1%         N/A       99%         5
 Simulacrum               Ice/Necr       1%         N/A       100%        6


Dungeon Overview and Level Annotations

Branches:
Dungeon (4/15)
 Temple: D:4-7

Altars:
Cheibriados
Qazlal
Uskayaw

Shops:
D:2 *

Annotations:
D:4 2 transporters, Angani's ghost, weakling DrDe; Menkaure


Innate Abilities, Weirdness & Mutations

You have sharp claws.
You have razor-sharp teeth.
You have supernaturally acute eyesight. (SInv)
You cover ground quickly. (Speed+)
You are covered in fur. (AC +1)
Your paws help you pounce on unaware monsters.
You are incapable of wielding weapons or throwing items.
You cannot wear armour.
You gain extra lives every three experience levels.


Message History

You can't see any susceptible monsters within range! (Use Z to cast anyway.) Unknown command.
Unknown command.
You start resting.
Menkaure is nearby!
Casting: Shock (safe; 5% risk of failure)
Confirm with . or Enter, or press ? or * to list all spells.
Aiming: Shock (safe; 5% risk of failure)
Press: ? - help, Shift-Dir - straight line, f/p - Menkaure
Aim: Menkaure (lightly damaged, 85% to hit)
You miscast Shock.
You are very lightly contaminated with residual magic.
Nothing appears to happen.
Menkaure casts a spell.
Menkaure seems to speed up.
Menkaure casts a spell at you.
You struggle to resist.
Casting: Shock (safe; 5% risk of failure)
Confirm with . or Enter, or press ? or * to list all spells.
Menkaure is struck by an arc of lightning.
Menkaure is moderately damaged.
You are struck by an arc of lightning.
The lightning grounds out.
Menkaure calls on the powers of darkness!
Your body is wracked with pain!
Casting: Static Discharge (safe; 9% risk of failure)
Confirm with . or Enter, or press ? or * to list all spells.
Menkaure is struck by an arc of lightning.
Menkaure is heavily damaged.
The lightning grounds out.
Menkaure casts a spell at you. Pain shoots through your body!
* * * LOW HITPOINT WARNING * * *
Casting: Static Discharge (safe; 9% risk of failure)
Confirm with . or Enter, or press ? or * to list all spells.
Menkaure is struck by an arc of lightning.
Menkaure is severely damaged.
You are struck by an arc of lightning.
* * * LOW HITPOINT WARNING * * *
The lightning grounds out.
Menkaure hits you.
You die...

..# #8#..#..# #.#####..#.... $...
.....#..######........#.... (....
.....#©.....##..####..#.†..
$..$..ZZ...#....#.##..#.......†._
..#8#.#8#..#......##..#.##..#.††.
..# # # #..#..##.###..#.##..#....
.... ....#..##)###........#(... ©
.. .....#..#.).#....<########. ##
######..#.@.......# ###..
...#M..#....######....
.......####.##......##. ....#..#
#.##.####.##. #......#
#............ .........
####.####.### ....#.#..
#....).### ###.#.#.# ######.... #
.... ##.##


You could see Menkaure (fast).

Vanquished Creatures
  An ogre (D:3)
  An orc priest (D:4)
  An orc wizard (D:4)
  A hound skeleton (D:4)
  3 adders
  A worm (D:4)
  2 dart slugs
  4 orcs
  6 bats
  4 endoplasms
  3 giant cockroaches
  7 goblins
  4 hobgoblins
  6 quokkas
  7 ball pythons
  2 frilled lizards
  7 kobolds
  6 rats
66 creatures vanquished.

Notes
Turn   | Place    | Note
-------+----------+-------------------------------------------
     0 | D:1      | inmateoo the Felid Air Elementalist began the quest for the
                  | Orb.
     0 | D:1      | Reached XP level 1. HP: 7/7 MP: 4/4
   274 | D:1      | Reached skill level 1 in Conjurations
   443 | D:1      | Reached XP level 2. HP: 3/11 MP: 0/6
   645 | D:1      | Reached skill level 3 in Stealth
  1005 | D:1      | Learned a level 2 spell: Static Discharge
  1123 | D:1      | You fall into a shaft and drop 1 floor!
  1321 | D:2      | Identified the +2 hand axe "Dyppa" {venom, Str+5}
  1379 | D:2      | Reached XP level 3. HP: 15/15 MP: 7/7
  1383 | D:2      | Learned a level 3 spell: Swiftness
  1386 | D:2      | Found Cismek's Assorted Antiques.
  2230 | D:3      | Reached skill level 1 in Unarmed Combat
  2254 | D:3      | Reached skill level 1 in Fighting
  2268 | D:3      | Found a snail-covered altar of Cheibriados.
  2271 | D:3      | Found a stormy altar of Qazlal.
  2742 | D:3      | Noticed an ogre
  2784 | D:3      | Killed an ogre
  2785 | D:3      | Reached XP level 4. HP: 19/19 MP: 0/8
  2785 | D:3      | Reached XP level 5. HP: 22/22 MP: 0/9
  3204 | D:4      | Found a transporter.
  3209 | D:4      | Noticed a necrophage
  3232 | D:4      | Found a transporter.
  3235 | D:4      | Noticed Angani's ghost (weakling DrDe)
  3252 | D:4      | Slain by a hound
  3253 | D:4      | Reached XP level 4. HP: -1/19 MP: 0/8
  3313 | D:4      | Reached skill level 4 in Stealth
  3338 | D:4      | Noticed Menkaure
  3701 | D:4      | Found a hide-covered altar of Uskayaw.
  3714 | D:4      | Reached XP level 5. HP: 15/22 MP: 6/10
  3974 | D:4      | Slain by Menkaure

Illustrated notes

Levels and vault maps discovered:
D:1:      minmay_arrival_wavy_path, layout_basic
D:2:      layout_loops_ring, serial_aquarium, aquarium_bridge_straight
          [aquarium_subvault_bridge, aquarium_subvault_window,
          aquarium_subvault_bridge, aquarium_subvault_window],
          aquarium_window_1, aquarium_window_corridor_3, aquarium_window_fake,
          aquarium_view_2f, aquarium_view_2e, serial_shops, shop
D:3:      layout_basic, nicolae_overflow_squiral, dk_noncrumbling_2
D:4:      layout_loops_cross, nicolae_uskayaw_murder_on_the_dancefloor,
          gammafunk_ghost_mausoleum, serial_bayou_pond_b,
          minmay_misc_feat_rugged, minmay_misc_feat_plants,
          minmay_misc_feat_hallway, dk_noncrumbling_4, serial_bayou_lagoon_a,
          uniq_menkaure

Skill      XL: |  1  2  3  4 |
---------------+-------------+-----
Conjurations   | 1 2 |  2.1
Stealth        | 3 4 |  4.1
Dodging        | 3 |  3.9
Unarmed Combat | 1 2 |  2.0
Fighting       | 1 |  1.8
Air Magic      | 3 |  3.3
Spellcasting   | |  2.7

Action                   |  1- 3 |  4- 6 || total
-------------------------+-------+-------++-------
Melee: Unarmed           |    74 |    39 ||   113
       Bite              |     6 |     8 ||    14
       Punch             |     1 |       ||     1
 Cast: Shock             |    37 |    15 ||    52
       Static Discharge  |    16 |     8 ||    24
  Use: Scroll            |     2 |       ||     2
 Stab: Sleeping          |     9 |     1 ||    10
       Distracted        |       |     1 ||     1
Armor: Skin              |     8 |       ||     8
Dodge: Dodged            |    90 |    28 ||   118
Block: Other             |     3 |    14 ||    17
